 Dungeon Crawl Stone Soup version 0.17.0-25-gefc9c12 (console) character file.

318 gw the Covered (level 6, 0/56 HPs)
             Began as a Deep Dwarf Fighter on Nov 19, 2015.
             Killed by divine providence
             ... invoked by an orc priest
             ... led by the fury of Okawaru
              (12 damage)
             ... on level 4 of the Dungeon.
             The game lasted 00:03:37 (3584 turns).

gw the Covered (Deep Dwarf Fighter)                 Turns: 3584, Time: 00:03:37

Health: 0/56       AC: 14    Str: 21    XL:     6   Next: 21%
Magic:  3/3        EV:  4    Int:  9    God:
Gold:   195        SH: 10    Dex: 14    Spells: 0 memorised, 5 levels left

rFire  + . .     SeeInvis .     a - +1 flail
rCold  . . .     Clarity  +     k - +0 plate armour
rNeg   + . .     SustAt   .     c - +0 shield
rPois  .         Gourm    .     u - +0 helmet
rElec  .         Spirit   .     s - +0 cloak
rCorr  .         Warding  .     (no gloves)
rMut   .         Stasis   .     (no boots)
MR     .....                    t - amulet of clarity
Stlth  ..........               (no ring)
                                o - ring of positive energy

@: non-regenerating, not resistant to hostile enchantments, extremely unstealthy
A: damage resistance, recharge devices, blurry vision 1, fire resistance 1,
sense surroundings 1, slow regeneration 3, strong 1
a: Device Recharging


You were on level 4 of the Dungeon.
You were not hungry.

You visited 1 branch of the dungeon, and saw 4 of its levels.

You collected 195 gold pieces.

Inventory:

Hand Weapons
 a - a +1 flail (weapon)
Missiles
 l - 40 poisoned needles
 r - 54 stones (quivered)
Armour
 c - a +0 shield (worn)
 k - a +0 plate armour (worn)
 s - a +0 cloak (worn)
 u - a +0 helmet (worn)
Jewellery
 o - a ring of positive energy (left hand)
 t - an amulet of clarity (around neck)
Wands
 e - a wand of heal wounds (1)
 g - a wand of fireball (11)
 i - a wand of frost (25)
 m - a wand of flame (39)
Scrolls
 h - 2 scrolls of remove curse
 w - a scroll of blinking {unknown}
 x - a scroll of identify
Potions
 d - 2 potions of might
 n - a potion of resistance
Comestibles
 b - 2 beef jerkies
 f - 3 bread rations
 j - 3 fruits
 p - a slice of pizza
 q - a meat ration
 v - 4 chunks of flesh


   Skills:
 + Level 3.5 Fighting
 * Level 4.0 Maces & Flails
 + Level 2.0 Throwing
 + Level 4.3 Armour
 + Level 4.1 Shields
   Level 0.0 Invocations
 + Level 1.3 Evocations


You had 5 spell levels left.
You didn't know any spells.

Dungeon Overview and Level Annotations

Branches:
Dungeon (4/15)
 Temple: D:4-7

Altars:
Kikubaaqudgha
Okawaru


Innate Abilities, Weirdness & Mutations

You are resistant to damage.
You can recharge devices by infusing magical energy.
You passively map a small area around you.
You do not regenerate naturally.
Scrolls take you a little longer to read.
Your flesh is heat resistant.
Your muscles are strong. (Str +2)


Message History

You block the hill giant's attack.
The orc moves out of view.
ATTACK MOVE TO (-1,0)
You sock the hill giant!
The hill giant is almost dead.
The orc priest hits you.
The hill giant hits you with a giant spiked club!!
Evoke which item? (* to show all) (? for menu, Esc to quit)
Zapping:
e - a wand of heal wounds (2)
Press: ? - help, Shift-Dir - straight line, f - you You feel much better.
This wand has 1 charge left.
The orc priest hits you but does no damage.
ATTACK MOVE TO (-1,0)
You sock the hill giant!
The hill giant is almost dead.
The hill giant hits you with a giant spiked club!!
Ouch! That really hurt!
The orc priest hits you but does no damage.
The orc priest calls down the wrath of Okawaru upon you.
Something smites you!
You die...

####.#8###8##...##8###8
#........%.............
#.............}........
#......................
#....#8###8##...##8###8
#....### ####...#### ##
#.....# # #8...8#* **
####o###.# ##...## ,


#oCgo.# #...#* , ####### , 8 , * *, * * . * , .. * #. You could see an orc
knight, a hill giant and 2 orc priests.

Table legend:
 A = Turns spent in this place as a percentage of turns spent in the entire game.
 B = Non-inter-level travel turns spent in this place as a percentage of non-inter-level travel turns spent in the entire game.
 C = Inter-level travel turns spent in this place as a percentage of turns spent in this place.
 D = Turns resting spent in this place as a percentage of non-inter-level travel turns spent in this place.
 E = Turns spent auto-exploring this place as a percentage of non-inter-level travel turns spent in this place.
 F = Non-inter-level travel turns spent in this place divided by the number of levels of this place that you've seen.
                   A       B       C       D       E      F
               +-------+-------+-------+-------+-------+----------------------
         Total | 100.0 | 100.0 |   0.4 |   0.0 |   2.5 | 1522.0
       Dungeon | 100.0 | 100.0 |   0.4 |   0.0 |   2.5 | 1522.0
               +-------+-------+-------+-------+-------+----------------------

Table legend:
 A = Kills in this place as a percentage of kills in entire the game.
 B = Kills by you in this place as a percentage of kills by you in the entire game.
 C = Kills by friends in this place as a percentage of kills by friends in the entire game.
 D = Other kills in this place as a percentage of other kills in the entire game.
 E = Experience gained in this place as a percentage of experience gained in the entire game.
 F = Experience gained in this place divided by the number of levels of this place that you have seen.
                   A       B       C       D       E      F
               +-------+-------+-------+-------+-------+----------------------
         Total | 100.0 | 100.0 |  -nan |  -nan | 100.0 | 113.8
       Dungeon | 100.0 | 100.0 |  -nan |  -nan | 100.0 | 113.8
               +-------+-------+-------+-------+-------+----------------------

Vanquished Creatures
  An orc warrior (D:4)
  2 ogres
  A gnoll sergeant (D:4)
  An orc wizard (D:4)
  Crazy Yiuf (D:2)
  A hound (D:4)
  Terence (D:3)
  Natasha (twice) (D:2)
  Robin (D:3)
  4 gnolls (D:4)
  2 adders
  An ooze (D:3)
  3 worms
  A giant gecko (D:1)
  3 orcs
  7 bats
  3 bat zombies (D:2)
  4 giant cockroaches (D:2)
  17 goblins
  7 hobgoblins
  A ball python (D:2)
  5 giant newts
  11 jackals
  3 kobolds
  6 rats
89 creatures vanquished.

Notes
Turn   | Place    | Note
--------------------------------------------------------------
     0 | D:1      | gw the Deep Dwarf Fighter began the quest for the Orb.
     0 | D:1      | Reached XP level 1. HP: 20/20 MP: 1/1
   359 | D:1      | Reached XP level 2. HP: 25/27 MP: 2/2
   726 | D:1      | Reached skill level 1 in Evocations
   888 | D:1      | Gained mutation: Your flesh is heat resistant. [potion of mutation]
   888 | D:1      | Gained mutation: Your muscles are strong. (Str +2) [potion of mutation]
   888 | D:1      | Gained mutation: Scrolls take you a little longer to read. [potion of mutation]
  1040 | D:2      | Found an iron altar of Okawaru.
  1055 | D:2      | Reached XP level 3. HP: 22/33 MP: 2/4
  1074 | D:2      | Became a worshipper of Warmaster Okawaru
  1075 | D:2      | Fell from the grace of Okawaru
  1366 | D:2      | Noticed Natasha
  1386 | D:2      | Killed Natasha
  1440 | D:2      | Reached XP level 4. HP: 25/42 MP: 5/5
  1662 | D:2      | Noticed Crazy Yiuf
  1672 | D:2      | Killed Crazy Yiuf
  1672 | D:2      | Reached skill level 1 in Throwing
  1908 | D:2      | Noticed Natasha
  1925 | D:2      | Killed Natasha
  1996 | D:2      | Found an ancient bone altar of Kikubaaqudgha.
  2092 | D:2      | Noticed an ogre
  2100 | D:2      | Killed an ogre
  2234 | D:3      | Found a faded altar to an unknown god.
  2517 | D:3      | Reached XP level 5. HP: 42/49 MP: 6/6
  2680 | D:3      | Noticed Robin
  2701 | D:3      | Killed Robin
  2707 | D:3      | Reached skill level 4 in Armour
  2751 | D:3      | Noticed Terence
  2761 | D:3      | Killed Terence
  3420 | D:4      | Noticed an ogre
  3431 | D:4      | Killed an ogre
  3431 | D:4      | Reached XP level 6. HP: 40/56 MP: 7/7
  3552 | D:4      | Noticed a hill giant
  3552 | D:4      | Noticed an orc knight
  3584 | D:4      | Killed from afar by an orc priest

Action                   |  1- 3 |  4- 6 || total
-------------------------+-------+-------++-------
Melee: Flail             |   158 |   238 ||   396
Throw: Stone             |    24 |    76 ||   100
Invok: Renounce Religion |     1 |       ||     1
 Abil: Device Recharging |       |     4 ||     4
Evoke: Wand              |     1 |    19 ||    20
  Use: Scroll            |     5 |     4 ||     9
       Potion            |     4 |     2 ||     6
  Eat: Chunk             |     2 |     6 ||     8
       Beef jerky        |       |     1 ||     1

Vault maps used:
D:1:      erik_arrival_cave_to_civilisation, minmay_misc_feat_x, minmay_vboxes
D:2:      okawaru_metal_pillars_1_2, lemuel_zombie_altar_kikubaaqudgha,
          serial_forest, infiniplex_forest_side_room,
          infiniplex_forest_clump_double, infiniplex_forest_diagonal,
          infiniplex_forest_end_2, infiniplex_forest_lined_4_way,
          infiniplex_forest_fountain, infiniplex_forest_3_way, first_bread,
          kennysheep_nondescript, uniq_natasha, uniq_crazy_yiuf_cottage
D:3:      ecumenical_altar_1, corexii_corridor_pit, uniq_robin, uniq_terence
D:4:      lemuel_crystal_altar, serial_corexii_hall, corexii_hall_statues_x,
          corexii_hall_statues_u, grunt_ministairs_10, minmay_rat_hole,
          uniq_menkaure, uniq_sigmund
